 Dungeon Crawl Stone Soup version 0.24.0-123-gd5b16e6ec5 (webtiles) character file.

Game seed: 11255208895422821294, levelgen mode: deterministic

6953 Emblim88 the Changer (level 10, -2/96 HPs)
             Began as a Troll Transmuter on Jan 12, 2020.
             Was a Priest of the Shining One.
             Slain by a yak (17 damage)
             ... on level 8 of the Dungeon.
             The game lasted 00:21:27 (8349 turns).

Emblim88 the Changer (Troll Transmuter)             Turns: 8349, Time: 00:21:28

Health: -2/96      AC:  7    Str: 20      XL:     10   Next: 80%
Magic:  15/15      EV: 12    Int: 12      God:    the Shining One [***...]
Gold:   252        SH:  0    Dex:  9 (10) Spells: 11/17 levels left

rFire    + + .     SeeInvis .     - Unarmed
rCold    . . .     Gourm    +   (no shield)
rNeg     + + +     Faith    .   b - +1 robe
rPois    .         Spirit   .   (helmet restricted)
rElec    .         Reflect  .   u - scarf {rC+ rF+}
rCorr    .         Harm     .   (gloves unavailable)
MR       .....                  (boots unavailable)
Stlth    +.........             (no amulet)
HPRegen  0.66/turn              t - ring of positive energy
MPRegen  0.14/turn              E - ring of Nasari {Fire rN+ Stlth+}

@: appendage (expiring), glowing
A: large, unfitting armour, claws 3, talons 3, fast metabolism 3, gourmand,
regeneration 1, shaggy fur 1, tough skin 3
a: End Transformation, Divine Shield, Renounce Religion


You were on level 8 of the Dungeon.
You worshipped the Shining One.
The Shining One was most pleased with you.
You were completely stuffed.
You had grown temporary talons.
You visited 2 branches of the dungeon, and saw 10 of its levels.
You also visited: Sewer.

You collected 395 gold pieces.
You spent 143 gold pieces at shops.

Inventory:

Hand Weapons
 w - a +0 mace of crushing
 B - a +0 giant spiked club
Missiles
 a - 237 arrows
 K - a throwing net (quivered)
Armour
 b - a +1 robe (worn)
 u - a scarf of resistance (worn)
 A - a scarf of cloud immunity
Magical Staves
 s - an uncursed staff of cold
 I - an uncursed staff of summoning
Jewellery
 t - a ring of positive energy (left claw)
 E - the ring of Nasari (right claw) {Fire rN+ Stlth+}
   (You found it on level 7 of the Dungeon)

   [ring of fire]

   It enhances your fire magic.
   It protects you from fire.
   It makes you vulnerable to cold.
   It protects you from negative energy.
   It makes you more stealthy.
 G - an uncursed ring of ice
Wands
 v - a wand of polymorph (2)
 y - a wand of flame (13)
 H - a wand of iceblast (10)
Scrolls
 c - 2 scrolls of amnesia
 g - a scroll of remove curse
 h - 8 scrolls of teleportation
 j - 2 scrolls of enchant armour
 m - 2 scrolls of fear
 n - 2 scrolls of blinking
 r - a scroll of immolation
 z - a scroll of fog {unknown}
 C - 4 scrolls of identify
 D - a scroll of noise {unknown}
 F - 2 scrolls of random uselessness {unknown}
 J - a scroll of magic mapping {unknown}
Potions
 e - a potion of mutation
 f - 3 potions of magic {unknown}
 i - 3 potions of brilliance {unknown}
 k - a potion of resistance
 l - a potion of agility
 o - a potion of curing
 p - 4 potions of lignification {unknown}
 q - a potion of heal wounds
 x - a potion of haste {unknown}
Comestibles
 d - 15 rations
 L - 4 chunks of flesh


   Skills:
 + Level 5.2 Fighting
 + Level 5.4 Dodging
 + Level 6.9 Unarmed Combat
 + Level 4.1 Spellcasting
 * Level 7.1 Transmutations
 + Level 3.8 Invocations
 + Level 3.0 Evocations


You had 11 spell levels left.
You knew the following spells:

 Your Spells              Type           Power        Failure   Level  Hunger
a - Beastly Appendage     Tmut           ###...       1%          1    #......
b - Spider Form           Tmut/Pois      ##........   16%         3    ###....
c - Sticks to Snakes      Tmut           ###.....     1%          2    ##.....

Your spell library contained the following spells:

 Spells                   Type           Power        Failure   Level  Hunger
 Magic Dart               Conj           #...         22%         1    #......
 Blink                    Tloc           N/A          32%         2    ##.....
 Call Imp                 Summ           #.......     32%         2    ##.....
 Slow                     Hex            #.......     32%         2    ##.....
 Blade Hands              Tmut           ###.......   32%         5    ######.
 Ice Form                 Ice/Tmut       ##......     45%         4    #####..
 Conjure Flame            Conj/Fire      #.......     54%         3    ###....
 Mephitic Cloud           Conj/Pois/Air  #.......     54%         3    ###....


Dungeon Overview and Level Annotations

Branches:
Dungeon (9/15)             Temple (1/1) D:4            Lair (0/6) D:8
  Sewer (visited)
    Orc: D:9-12

Altars:
Ashenzari
Cheibriados
Dithmenos
Elyvilon
Fedhas
Hepliaklqana
Kikubaaqudgha
Makhleb
Nemelex Xobeh
Okawaru
Ru
Sif Muna
Trog
Uskayaw
Vehumet
Wu Jian
Xom
Yredelemnul
Zin
The Shining One

Shops:
D:5 *


Innate Abilities, Weirdness & Mutations

You are too large for most types of armour.
You have claws for hands.
Your metabolism is lightning-fast.
You like to eat raw meat.
Your natural rate of healing is unusually fast.
You are covered in fur. (AC +1)
You have extremely tough skin. (AC +3)
You have claws for feet.


Message History

The orc wizard hits you with a +3 dagger.
* * * LOW HITPOINT WARNING * * *
The orc wizard hits you but does no damage.
The yak gores you!
* * * LOW HITPOINT WARNING * * *
You scratch the yak.
The yak is moderately wounded.
The orc wizard hits you with a +3 dagger.
* * * LOW HITPOINT WARNING * * *
The yak barely misses you.
You claw the yak! You claw the yak.
The yak is almost dead.
The orc wizard closely misses you. The yak gores you!
* * * LOW HITPOINT WARNING * * *
The orc wizard hits you with a +3 dagger.
* * * LOW HITPOINT WARNING * * *
You feel better.
The orc wizard hits you but does no damage.
The yak gores you!
You die...

.#........## #.## #...#
.........## #..####.#.#
##.....### #.........# ####...#
##.........##
#......########...........#
..........................#
######..###...............# ##
#..# #....o.........##
.#####..###.....@Y.......# #####
...........(.)...........###...##
..####..######......[)..###.....#
..## #....## #......[...##.......
...###.....# #..........##.......
....##.....###..........##.......
.....#.<........................#
.....#......>#......(...........#
......#......#...................


You could see a yak and an orc wizard.

Vanquished Creatures
  The ghost of Froggeryz the Chiller, a novice NaIE of Sif Muna (D:7)
  Pikel (D:4)
  A hippogriff (D:9)
  5 yaks
  A steam dragon (D:7)
  2 wargs
  A water moccasin (D:6)
  2 orc warriors
  3 ice beasts
  2 phantoms
  2 sky beasts
  8 ogres
  6 centaurs
  5 bullfrogs
  6 big kobolds
  A gnoll sergeant (D:9)
  A wyvern skeleton (D:7)
  4 scorpions
  4 killer bees (D:8)
  3 howler monkeys
  A crimson imp (D:7)
  A quasit (D:9)
  A hound (D:5)
  A jelly (D:5)
  4 orc priests
  3 bullfrog skeletons
  A gnoll shaman (D:5)
  3 iguanas
  Natasha (thrice) (D:4)
  7 orc wizards
  3 worker ants
  A bullfrog simulacrum (D:7)
  A hound zombie (D:6)
  3 hound skeletons
  Robin (D:3)
  A worker ant zombie (D:8)
  6 gnolls
  14 adders
  4 river rats
  3 shadow imps
  2 white imps (D:7)
  An ooze (Sewer)
  An adder zombie (D:5)
  2 adder skeletons
  7 worms
  4 dart slugs
  7 leopard geckos
  33 orcs
  6 giant cockroaches
  12 goblins
  8 hobgoblins
  14 jackals
  6 quokkas
  5 ball pythons
  12 bats
  4 frilled lizards
  A jackal simulacrum (D:7)
  16 kobolds
  A leopard gecko simulacrum (D:7)
  3 leopard gecko skeletons
  A quokka simulacrum (D:7)
  34 rats
301 creatures vanquished.

Vanquished Creatures (others)
  2 slaves (D:4)
  An orc (D:8)
3 creatures vanquished.

Grand Total: 304 creatures vanquished

Notes
Turn   | Place    | Note
-------+----------+-------------------------------------------
     0 | D:1      | Emblim88 the Troll Transmuter began the quest for the Orb.
     0 | D:1      | Reached XP level 1. HP: 18/18 MP: 1/1
    27 | D:1      | Reached XP level 2. HP: 26/26 MP: 3/3
   134 | D:1      | Reached skill level 1 in Fighting
   390 | D:1      | Reached XP level 3. HP: 30/33 MP: 4/4
   900 | D:2      | Reached skill level 2 in Transmutations
  1334 | D:2      | Reached XP level 4. HP: 41/41 MP: 5/5
  1339 | D:2      | Learned a level 3 spell: Spider Form
  1395 | D:2      | Found a glowing silver altar of Zin.
  1395 | D:2      | Found an iron altar of Okawaru.
  1398 | D:2      | Found a basalt altar of Yredelemnul.
  1862 | D:3      | Noticed an ogre
  1868 | D:3      | Killed an ogre
  1868 | D:3      | Reached XP level 5. HP: 47/49 MP: 6/6
  2014 | D:3      | Reached XP level 6. HP: 57/57 MP: 7/7
  2032 | D:3      | Reached skill level 3 in Transmutations
  2050 | D:3      | Noticed Robin
  2055 | D:3      | Killed Robin
  2402 | D:3      | Found a shattered altar of Ashenzari.
  2402 | D:3      | Found a radiant altar of Vehumet.
  2715 | D:4      | Found a glowing drain.
  2721 | Sewer    | Entered a sewer
  3033 | Sewer    | Reached XP level 7. HP: 64/66 MP: 9/9
  3333 | D:4      | Learned a level 2 spell: Sticks to Snakes
  3339 | D:4      | Found a staircase to the Ecumenical Temple.
  3348 | Temple   | Entered the Ecumenical Temple
  3432 | Temple   | Became a worshipper of the Shining One
  3462 | D:4      | Reached skill level 4 in Transmutations
  3463 | D:4      | Found a white marble altar of Elyvilon.
  3554 | D:4      | Noticed Pikel
  3586 | D:4      | Killed Pikel
  3586 | D:4      | Reached XP level 8. HP: 55/75 MP: 3/11
  3662 | D:4      | Found a shadowy altar of Dithmenos.
  3670 | D:4      | Reached skill level 5 in Unarmed Combat
  3856 | D:4      | Noticed Natasha
  3864 | D:4      | Killed Natasha
  4044 | D:4      | Noticed Natasha
  4055 | D:4      | Killed Natasha
  4079 | D:4      | Noticed Natasha
  4081 | D:4      | Killed Natasha
  4142 | D:5      | Entered Level 5 of the Dungeon
  4145 | D:5      | Found Xiladd's General Store.
  4154 | D:5      | Bought a scroll of teleportation for 39 gold pieces
  4154 | D:5      | Bought a potion of curing for 39 gold pieces
  4154 | D:5      | Bought a potion of heal wounds for 65 gold pieces
  4170 | D:5      | Reached * piety under the Shining One
  4246 | D:5      | Reached skill level 5 in Transmutations
  5150 | D:6      | Reached XP level 9. HP: 68/84 MP: 12/12
  5225 | D:6      | Reached skill level 1 in Invocations
  5434 | D:6      | Reached skill level 1 in Evocations
  6109 | D:7      | Noticed Froggeryz's ghost (novice NaIE)
  6109 | D:7      | Reached ** piety under the Shining One
  6135 | D:7      | Found a shimmering blue altar of Sif Muna.
  6144 | D:7      | Found a runed translucent gate.
  6144 | D:7      | Found a runed translucent gate.
  6144 | D:7      | Found a runed translucent gate.
  6335 | D:7      | Killed Froggeryz's ghost
  6335 | D:7      | Reached skill level 6 in Transmutations
  6380 | D:7      | Got the ring of Nasari {Fire}
  6386 | D:7      | Identified the ring of Nasari {Fire rN+ Stlth+} (You found
                  | it on level 7 of the Dungeon)
  6639 | D:7      | Reached XP level 10. HP: 69/94 MP: 14/14
  6920 | D:8      | Reached *** piety under the Shining One
  7279 | D:7      | Reached skill level 5 in Dodging
  7416 | D:8      | Found a staircase to the Lair.
  7438 | D:8      | Found an ancient bone altar of Kikubaaqudgha.
  7728 | D:8      | Found a burning altar of Makhleb.
  7944 | D:9      | Reached skill level 5 in Fighting
  8253 | D:9      | Reached skill level 7 in Transmutations
  8349 | D:8      | Slain by a yak

Levels and vault maps discovered:
D:1:      erik_arrival_orb_chamber, layout_basic
D:2:      layout_loops_ring, nicolae_overflow_hidden_temple, first_ration
D:3:      layout_loops_ring, amethyst_overflow_temple_binary, uniq_robin
D:4:      layout_loops_ring, lemuel_doored_altar, lemuel_round_altar,
          minmay_temple_entry_mini_moons, lightli_sewer_entry_pipes, uniq_pikel,
          uniq_natasha
D:5:      layout_basic, serial_shops, shop
D:6:      layout_gridville, serial_bayou_pond_d
D:7:      layout_basic, lemuel_round_altar, gammafunk_ghost_icy
D:8:      layout_rooms, kiku_gazebo_garden_becter, lightli_temple_of_fire,
          erik_lair_orcish_takeover, enter_bailey_2
D:9:      layout_small_grid
Temple:   eino_temple_lava

Skill      XL: |  1  2  3  4  5  6  7  8  9 10 |
---------------+-------------------------------+-----
Fighting       | 1 2 3 4 5 |  5.2
Transmutations | 2 3 4 5 6 7 |  7.1
Dodging        | 2 3 4 5 |  5.4
Spellcasting   | 2 3 4 |  4.1
Unarmed Combat | 4 5 6 |  6.9
Invocations    | 2 3 |  3.8
Evocations     | 2 3 |  3.0

Action                   |  1- 3 |  4- 6 |  7- 9 | 10-12 || total
-------------------------+-------+-------+-------+-------++-------
Melee: Unarmed           |   141 |   231 |   329 |   234 ||   935
       Kick              |       |     7 |    14 |    14 ||    35
       Punch             |       |     1 |     8 |     4 ||    13
       Headbutt          |       |       |     6 |     8 ||    14
 Cast: Beastly Appendage |       |     2 |     9 |     9 ||    20
       Sticks to Snakes  |       |       |     4 |       ||     4
       Spider Form       |       |       |       |     2 ||     2
  Use: Scroll            |       |     4 |     7 |     1 ||    12
       Potion            |       |       |     1 |     3 ||     4
 Stab: Sleeping          |     1 |     1 |       |       ||     2
  Eat: Chunk             |    16 |    18 |    31 |    17 ||    82
       Ration            |       |       |       |     1 ||     1
Armor: Robe              |    97 |    77 |   107 |    90 ||   371
       Skin              |       |       |     2 |     2 ||     4
Dodge: Dodged            |   108 |   108 |   137 |   195 ||   548
